 Dungeon Crawl Stone Soup version 0.21-a0-642-g5d013b2151 (webtiles) character file.

1045 Kaname the Conjurer (level 8, 36/52 HPs)
             Began as a Demonspawn Wizard on Dec 31, 2017.
             Quit the game in an ossuary.
             The game lasted 00:18:46 (5129 turns).

Kaname the Conjurer (Demonspawn Wizard)             Turns: 5129, Time: 00:18:47

Health: 36/52      AC:  2    Str:  9    XL:     8   Next: 4%
Magic:  10/14      EV: 12    Int: 23    God:
Gold:   239        SH:  0    Dex: 13    Spells: 2/15 levels left

rFire    . . .     SeeInvis .   m - +2 short sword (elec)
rCold    . . .     Gourm    .   (no shield)
rNeg     . . .     Faith    .   a - +0 robe
rPois    .         Spirit   .   b - +0 hat
rElec    .         Reflect  .   (no cloak)
rCorr    .         Harm     .   (no gloves)
MR       .....                  (no boots)
Stlth    ++........             (no amulet)
HPRegen  1.17/turn              r - +2 ring of strength
MPRegen  0.14/turn              p - ring of wizardry

@: no status effects
A: horns 1, thin skeletal structure 1, foul stench 1, powered by death 1, rot
immunity
a: no special abilities


You were in an ossuary.
You were not hungry.

You visited 2 branches of the dungeon, and saw 6 of its levels.
You also visited: Ossuary.

You collected 239 gold pieces.

Inventory:

Hand Weapons
 m - a +2 short sword of electrocution (weapon)
Missiles
 g - 4 tomahawks (quivered)
 k - a throwing net
 x - 5 poisoned tomahawks
Armour
 a - a +0 robe (worn)
 b - a +0 hat (worn)
Jewellery
 p - a ring of wizardry (right hand)
 r - a +2 ring of strength (left hand)
Wands
 h - a wand of digging (14)
 y - a wand of iceblast (6)
Scrolls
 f - a scroll of enchant weapon
 l - 2 scrolls of remove curse
 s - 2 scrolls of enchant armour
 t - 2 scrolls of teleportation
 u - a scroll of immolation
Potions
 e - 2 potions of brilliance
 i - a potion of degeneration {unknown}
 j - a potion of curing
 n - 7 potions of agility
 o - 2 potions of ambrosia {unknown}
 q - a potion of heal wounds {unknown}
Books
 c - a book of Minor Magic

   Spells                             Type                      Level
   a - Magic Dart                     Conjuration                  1
   b - Blink                          Translocation                2
   c - Call Imp                       Summoning                    2
   d - Slow                           Hexes                        2
   e - Conjure Flame                  Conjuration/Fire             3
   f - Mephitic Cloud                 Conjuration/Poison/Air       3
 v - a book of Frost

   Spells                             Type                      Level
   a - Freeze                         Ice                          1
   b - Throw Frost                    Conjuration/Ice              2
   c - Ozocubu's Armour               Charms/Ice                   3
   d - Throw Icicle                   Conjuration/Ice              4
   e - Summon Ice Beast               Ice/Summoning                4
Comestibles
 d - 16 rations


   Skills:
 - Level 1.7 Dodging
 - Level 1.7 Stealth
 - Level 4.0 Spellcasting
 + Level 7.3 Conjurations
   Level 1.0 Summonings
 - Level 1.2 Translocations
 - Level 1.1 Fire Magic
 - Level 2.3 Ice Magic
 - Level 2.0 Air Magic
 - Level 2.0 Poison Magic


You had 2 spell levels left.
You knew the following spells:

 Your Spells              Type           Power        Failure   Level  Hunger
a - Magic Dart            Conj           ####         1%          1    None
b - Blink                 Tloc           N/A          4%          2    #......
c - Mephitic Cloud        Conj/Pois/Air  ###.....     2%          3    ##.....
d - Conjure Flame         Conj/Fire      ###.....     2%          3    ##.....
e - Throw Icicle          Conj/Ice       ####....     6%          4    ####...


Dungeon Overview and Level Annotations

Branches:
Dungeon (5/15)             Temple (1/1) D:4

Altars:
Ashenzari
Cheibriados
Dithmenos
Elyvilon
Fedhas
Gozag
Hepliaklqana
Kikubaaqudgha
Makhleb
Ru
Sif Muna
Trog
Xom
Yredelemnul
The Shining One

Shops:
D:5 }

Annotations:
D:3 NihilVerum's ghost, amateur OgNe
D:4 NihilVerum's ghost, amateur OgNe


Innate Abilities, Weirdness & Mutations

You have a pair of small horns on your head.
You have a somewhat thin skeletal structure. (Dex +2, Stealth)
You may emit foul miasma when damaged in melee.
You regenerate a little health from kills.
You are immune to rotting.


Message History

Press: ? - help, Dir - move target cursor The fire ignites!
You hit the elf zombie.
The elf zombie is lightly damaged.
The elf zombie is engulfed in blazing flames.
The elf zombie hits you.
You hit the elf zombie.
Lightning courses through the elf zombie!
The elf zombie is heavily damaged.
The elf zombie is engulfed in blazing flames.
The elf zombie barely misses you.
You hit the elf zombie.
Lightning courses through the elf zombie!
The elf zombie is almost destroyed.
The elf zombie is engulfed in blazing flames.
You destroy the elf zombie!
You have reached level 8!
You feel clever.
Your demonic ancestry asserts itself...
Your bones become slightly less dense.
Are you sure you want to abandon this character and quit the game? (Confirm with "yes".)

#.......#
##.....## ###.###
#'# ###.### ##
##.....## .Z##
#.......# ....#
##...∩...###.....#
+...∩∩∩..@§......M
##...∩...###.....#
#.......# ....#
##.....## .Z##
###.### ## #+#


There were no monsters in sight!

Vanquished Creatures
  A sky beast (D:5)
  A phantom (D:4)
  An ogre (D:4)
  Blork the orc (D:4)
  3 elf zombies (Ossuary)
  2 human zombies (Ossuary)
  3 orc wizards
  Jessica (D:2)
  2 iguanas
  A worker ant (D:4)
  A mummy (Ossuary)
  A hound skeleton (D:3)
  Robin (D:2)
  8 gnolls
  6 adders
  2 oozes
  A worm (D:3)
  A dart slug (D:4)
  3 leopard geckos
  16 orcs
  A ball python (D:3)
  A giant cockroach (D:2)
  13 goblins
  6 hobgoblins
  6 jackals
  7 kobolds
  2 quokkas
  9 bats
  4 frilled lizards
  A leopard gecko zombie (D:5)
  2 quokka zombies (D:5)
  10 rats
118 creatures vanquished.

Notes
Turn   | Place    | Note
-------+----------+-------------------------------------------
     0 | D:1      | Kaname the Demonspawn Wizard began the quest for the Orb.
     0 | D:1      | Reached XP level 1. HP: 13/13 MP: 4/4
   195 | D:1      | Reached skill level 2 in Conjurations
   227 | D:1      | Gained mutation: You have a pair of small horns on your head. [demonic ancestry]
   227 | D:1      | Reached XP level 2. HP: 19/19 MP: 4/6
   635 | D:1      | Reached skill level 3 in Conjurations
   644 | D:1      | Gained mutation: You regenerate a little health from kills. [demonic ancestry]
   644 | D:1      | Reached XP level 3. HP: 14/24 MP: 3/7
   651 | D:1      | Learned a level 2 spell: Blink
   655 | D:1      | Learned a level 3 spell: Mephitic Cloud
   834 | D:2      | Reached skill level 1 in Translocations
   960 | D:2      | Reached skill level 1 in Poison Magic
   960 | D:2      | Gained mutation: You are immune to rotting. [demonic ancestry]
   960 | D:2      | Reached XP level 4. HP: 10/30 MP: 0/8
  1285 | D:2      | Noticed Jessica
  1302 | D:2      | Killed Jessica
  1302 | D:2      | Reached skill level 1 in Air Magic
  1374 | D:2      | Noticed Robin
  1456 | D:2      | Found a shadowy altar of Dithmenos.
  1515 | D:2      | Killed Robin
  1515 | D:2      | Reached XP level 5. HP: 14/35 MP: 0/9
  1786 | D:2      | Found a glowing golden altar of the Shining One.
  1898 | D:2      | Found a sacrificial altar of Ru.
  2258 | D:3      | Learned a level 3 spell: Conjure Flame
  2270 | D:3      | Noticed NihilVerum's ghost (amateur OgNe)
  2304 | D:3      | Reached skill level 4 in Conjurations
  2722 | D:4      | Reached skill level 1 in Fire Magic
  2903 | D:4      | Reached XP level 6. HP: 29/41 MP: 4/10
  2929 | D:4      | Found a staircase to the Ecumenical Temple.
  3300 | D:4      | Reached skill level 5 in Conjurations
  3472 | D:4      | Noticed NihilVerum's ghost (amateur OgNe)
  3582 | Temple   | Entered the Ecumenical Temple
  3587 | Temple   | HP: 2/41 [gnoll/flail (13)]
  4340 | D:4      | Noticed Blork the orc
  4358 | D:4      | Killed Blork the orc
  4358 | D:4      | Gained mutation: You may emit foul miasma when damaged in melee. [demonic ancestry]
  4358 | D:4      | Reached XP level 7. HP: 46/46 MP: 8/13
  4364 | D:4      | Learned a level 4 spell: Throw Icicle
  4366 | D:4      | Found a deep blue altar of Sif Muna.
  4439 | D:4      | Reached skill level 6 in Conjurations
  4664 | D:4      | Found a snail-covered altar of Cheibriados.
  4699 | D:5      | Entered Level 5 of the Dungeon
  4744 | D:5      | Found a sand-covered staircase.
  4772 | D:5      | Found Tymiapt's Gadget Boutique.
  4870 | D:5      | Reached skill level 1 in Ice Magic
  4983 | Ossuary  | Entered an ossuary
  5094 | Ossuary  | Reached skill level 7 in Conjurations
  5128 | Ossuary  | Gained mutation: You have a somewhat thin skeletal structure. (Dex +2, Stealth) [demonic ancestry]
  5128 | Ossuary  | Reached XP level 8. HP: 36/52 MP: 10/14
  5129 | Ossuary  | Quit the game

Vault maps used:
D:1:      dpeg_arrival_radiant, st_stairs_4, supply_closet_lemuel
D:2:      overflow_temple_1_default, lemuel_doored_altar, first_ration,
          tso_metal_star, uniq_jessica, uniq_robin
D:4:      wad_crossroads, tgw_sif, cheibriados_altar_1
D:5:      okawaru_ov_weapons_minmay, nicolae_overflow_crystal_walls,
          enter_ossuary_4, serial_shops, shop
Temple:   compressed_dpeg_circular_temple
Ossuary:  ossuary_minmay_four_chambers

Skill      XL: |  1  2  3  4  5  6  7 |
---------------+----------------------+-----
Conjurations   | 2 3 4 5 7 |  7.3
Translocations | 1 |  1.2
Poison Magic   | 1 2 |  2.0
Air Magic      | 2 |  2.0
Fire Magic     | 1 |  1.1
Spellcasting   | 4 |  4.0
Ice Magic      | 2 |  2.3
Dodging        | |  1.7
Stealth        | |  1.7
Summonings     | |  1.0

Action                   |  1- 3 |  4- 6 |  7- 9 || total
-------------------------+-------+-------+-------++-------
Melee: Short sword       |    34 |   117 |    33 ||   184
       Headbutt          |     3 |     6 |     1 ||    10
       Dagger            |     1 |       |       ||     1
 Cast: Magic Dart        |    39 |   146 |    31 ||   216
       Mephitic Cloud    |       |     6 |     2 ||     8
       Blink             |       |     3 |       ||     3
       Conjure Flame     |       |     3 |     3 ||     6
  Use: Scroll            |       |     7 |       ||     7
       Potion            |       |     2 |       ||     2
 Stab: Sleeping          |       |       |     1 ||     1
  Eat: Chunk             |       |     9 |     2 ||    11
       Ration            |       |     1 |       ||     1
Armor: Robe              |     6 |    20 |     2 ||    28
Dodge: Dodged            |    24 |    86 |    13 ||   123

Table legend:
 A = Spawn XP
 B = Non-spawn XP
 C = Spawn XP percentage of total XP
 D = Spawn monster count
 E = Non-spawn monster count
 F = Spawn count percentage of total count
 G = Total turns spent on level
                    A         B        C        D         E        F      G
               +---------+---------+-------+---------+---------+-------+---------
         Total |       0 |    1493 |   0.0 |       0 |     118 |   0.0 |  5129
               +---------+---------+-------+---------+---------+-------+---------
           D:1 |       0 |      44 |   0.0 |       0 |      28 |   0.0 |   804
           D:2 |       0 |     163 |   0.0 |       0 |      24 |   0.0 |  1215
           D:3 |       0 |      90 |   0.0 |       0 |      23 |   0.0 |   535
           D:4 |       0 |     604 |   0.0 |       0 |      28 |   0.0 |  1841
           D:5 |       0 |     186 |   0.0 |       0 |       8 |   0.0 |   284
        Temple |       0 |      13 |   0.0 |       0 |       1 |   0.0 |   304
       Ossuary |       0 |     393 |   0.0 |       0 |       6 |   0.0 |   146
               +---------+---------+-------+---------+---------+-------+---------
